 Dungeon Crawl Stone Soup version 0.23.2-1-ga50397a6bc (webtiles) character file.

Game seed: 953404939224741032

492 NochnoyZador the Basher (level 6, -1/52 HPs)
             Began as a Minotaur Berserker on May 3, 2019.
             Was a Priest of Trog.
             Shot with an arrow by a centaur (8 damage)
             ... on level 5 of the Dungeon on May 4, 2019.
             The game lasted 00:11:02 (3072 turns).

NochnoyZador the Basher (Minotaur Berserker)        Turns: 3072, Time: 00:11:02

Health: -1/52      AC:  9    Str: 22    XL:     6   Next: 91%
Magic:  5/5        EV:  4    Int:  4    God:    Trog [***...]
Gold:   307        SH: 13    Dex: 11    Spells: 5/5 levels left

rFire    . . .     SeeInvis .   v - +2 whip (freeze)
rCold    . . .     Gourm    .   r - +0 large shield
rNeg     . . .     Faith    .   m - +0 chain mail
rPois    .         Spirit   .   (helmet restricted)
rElec    .         Reflect  .   (no cloak)
rCorr    .         Harm     .   (no gloves)
MR       .....                  (no boots)
Stlth    ..........             (no amulet)
HPRegen  0.17/turn              (no ring)
MPRegen  0.09/turn              (no ring)

@: no status effects
A: retaliatory headbutt, horns 2
a: Berserk, Trog's Hand, Renounce Religion


You were on level 5 of the Dungeon.
You worshipped Trog.
Trog was most pleased with you.
You were not hungry.

You visited 1 branch of the dungeon, and saw 5 of its levels.

You collected 307 gold pieces.

Inventory:

Hand Weapons
 l - a +0 hunting sling
 v - a +2 whip of freezing (weapon)
Missiles
 s - 45 sling bullets
Armour
 m - a +0 chain mail (worn)
 r - a +0 large shield (worn)
 w - a +0 scale mail
Jewellery
 y - an uncursed ring of flight {unknown}
Wands
 g - a wand of disintegration (17)
Scrolls
 a - a scroll of blinking {unknown}
 b - 2 scrolls of remove curse {unknown}
 j - a scroll of identify
 n - a scroll of noise {unknown}
 o - 2 scrolls of teleportation {unknown}
 q - 2 scrolls of enchant armour {unknown}
 t - a scroll of magic mapping {unknown}
 u - a scroll of immolation {unknown}
 x - a scroll of fog {unknown}
Potions
 d - a potion of berserk rage {unknown}
 e - 2 potions of agility
 f - 3 potions of lignification
 h - 3 potions of curing
 i - 2 potions of ambrosia {unknown}
 k - a potion of heal wounds {unknown}
 p - a potion of flight {unknown}
 z - a potion of mutation {unknown}
 A - 2 potions of brilliance {unknown}
 B - a potion of haste {unknown}
 C - a potion of degeneration {unknown}
Comestibles
 c - 7 rations
 D - 4 chunks of flesh


   Skills:
 + Level 4.2 Fighting
 + Level 8.3 Maces & Flails
 + Level 3.2 Armour
 + Level 2.9 Dodging
 + Level 1.8 Shields


You had 5 spell levels left.
You didn't know any spells.
Your spell library was empty.

Dungeon Overview and Level Annotations

Branches:
Dungeon (5/15)             Temple (0/1) D:5

Altars:
Dithmenos
Nemelex Xobeh
Uskayaw
Xom

Annotations:
D:4 1 runed translucent door, NochnoyZador's ghost, amateur GrFi


Innate Abilities, Weirdness & Mutations

You reflexively headbutt those who attack you in melee.
You have a pair of horns on your head.


Message History

The two-headed ogre hits you with a +0 giant club!
The two-headed ogre hits you with a +0 giant spiked club!
The centaur hits you.
* * * LOW HITPOINT WARNING * * *
The centaur wields a +0 shortbow.
The centaur shoots an arrow.
You block the arrow.
You see here an arrow.
There is an open door here.
The centaur shoots an arrow.
The arrow hits you.
* * * LOW HITPOINT WARNING * * *
You see here an arrow.
The centaur shoots an arrow.
You block the arrow.
The centaur shoots an arrow.
You block the arrow.
You see here an arrow.
The centaur shoots an arrow.
The arrow hits you.
* * * LOW HITPOINT WARNING * * *
There is a stone staircase leading up here.
You see here an arrow.
The centaur shoots an arrow.
The arrow hits you!
You die...

#.# ##+# #.# ##...## #.#
##.....## ####.# ##
##.......## ##.##.## >.
#........@####...#..######
+........O'...............
#.......(.####..(.....####
#.......## ##..##.#.#
##.....## ##.##.#.#
##.c.## #.#....# ##'##
#......# #.# #......# #.#
#..#.#.#


You could see a two-headed ogre and a centaur.

Vanquished Creatures
  An ogre (D:5)
  A necrophage (D:5)
  A crimson imp (D:5)
  2 hounds
  An orc priest (D:4)
  Jessica (D:3)
  An orc wizard (D:3)
  A hound skeleton (D:4)
  A worker ant zombie (D:5)
  5 adders
  A worm (D:3)
  A leopard gecko (D:4)
  7 orcs
  A ball python (D:2)
  2 giant cockroaches
  9 goblins
  5 hobgoblins
  8 jackals
  4 quokkas (D:3)
  8 bats
  5 frilled lizards
  6 kobolds
  9 rats
81 creatures vanquished.

Notes
Turn   | Place    | Note
-------+----------+-------------------------------------------
     0 | D:1      | NochnoyZador the Minotaur Berserker began the quest for the
                  | Orb.
     0 | D:1      | Reached XP level 1. HP: 19/19 MP: 0/0
   107 | D:1      | Reached skill level 4 in Maces & Flails
   160 | D:1      | Reached XP level 2. HP: 26/26 MP: 1/1
   311 | D:1      | Reached ** piety under Trog
   335 | D:1      | Reached skill level 5 in Maces & Flails
   560 | D:2      | Reached XP level 3. HP: 31/31 MP: 2/2
   925 | D:2      | Found a shadowy altar of Dithmenos.
  1175 | D:3      | Reached skill level 6 in Maces & Flails
  1175 | D:3      | Reached XP level 4. HP: 39/39 MP: 3/3
  1744 | D:3      | Found a hide-covered altar of Uskayaw.
  1745 | D:3      | Found a shimmering altar of Xom.
  1768 | D:3      | Noticed Jessica
  1776 | D:3      | Killed Jessica
  1776 | D:3      | Reached *** piety under Trog
  1776 | D:3      | Reached skill level 7 in Maces & Flails
  1776 | D:3      | Reached XP level 5. HP: 45/45 MP: 4/4
  2154 | D:4      | Found a runed translucent door.
  2159 | D:4      | Noticed NochnoyZador's ghost (amateur GrFi)
  2257 | D:4      | Found a sparkling altar of Nemelex Xobeh.
  2471 | D:4      | Reached skill level 8 in Maces & Flails
  2774 | D:5      | Entered Level 5 of the Dungeon
  2831 | D:5      | Noticed a necrophage
  2839 | D:5      | Killed a necrophage
  2839 | D:5      | Reached XP level 6. HP: 50/52 MP: 5/5
  2853 | D:5      | Found a staircase to the Ecumenical Temple.
  2877 | D:5      | Reached skill level 1 in Shields
  3051 | D:5      | Noticed a two-headed ogre
  3072 | D:5      | Shot with an arrow by a centaur

Skill      XL: |  1  2  3  4  5  6 |
---------------+-------------------+-----
Maces & Flails | 4 5 6 7 8 |  8.3
Shields        | 1 |  1.8
Fighting       | 4 |  4.2
Armour         | 3 |  3.2
Dodging        | |  2.9

Action                   |  1- 3 |  4- 6 || total
-------------------------+-------+-------++-------
Melee: Mace              |    78 |    41 ||   119
       Headbutt          |     6 |    21 ||    27
       Whip              |       |    58 ||    58
  Use: Scroll            |       |     3 ||     3
  Eat: Chunk             |     1 |     6 ||     7
Armor: Animal skin       |     9 |       ||     9
       Chain mail        |    23 |    31 ||    54
Dodge: Dodged            |    63 |    26 ||    89
Block: Large shield      |       |    36 ||    36
